 Dungeon Crawl Stone Soup version 0.13-a0-2772-g9cbdda8 (webtiles) character file.

1529 4tharraofdagon the Chopper (level 8, -14/94 HPs)
             Began as a Djinni Berserker on Aug 23, 2013.
             Was a Believer of Trog.
             Killed from afar by Erica (16 damage)
             ... with a bolt of poison
             ... on Level 10 of the Dungeon.
             The game lasted 00:09:43 (1399 turns).

4tharraofdagon the Chopper (Djinni Berserker)       Turns: 1399, Time: 00:09:43

HP -14/94        AC 10     Str 27      XL: 8   Next: 35%
MP   0/0         EV  8     Int  7      God: Trog [**....]
Gold 189         SH  0     Dex 13      Spells:  0 memorised,  7 levels left

Res.Fire  : + + +   See Invis. : .   s - +1 hand axe (chop)
Res.Cold  : x . .   Warding    : .   o - +0 orc chain mail
Life Prot.: + + +   Conserve   : .   (no shield)
Res.Poison: .       Res.Corr.  : .   (no helmet)
Res.Elec. : .       Clarity    : .   (no cloak)
Sust.Abil.: . .     Spirit.Shd : .   (no gloves)
Res.Mut.  : .       Stasis     : .   (boots unavailable)
Res.Rott. : .       Flight     : .   (no amulet)
Saprovore : . . .                    q - ring of teleport control
                                     k - +2 ring of strength

@: mighty, berserking (expiring), mildly poisoned, very slightly contaminated,
very quick, slightly resistant to hostile enchantments, extremely unstealthy
A: fire immunity, cold vulnerability, life protection 3
a: Burn Spellbooks, Berserk, Trog's Hand, Renounce Religion, Evoke Teleport
Control


You were on level 10 of the Dungeon.
You worshipped Trog.
Trog was most pleased with you.
You were not hungry.

You visited 1 branch of the dungeon, and saw 8 of its levels.

You collected 169 gold pieces.

Inventory:

Hand weapons
 a - a +0,+0 hand axe {=f}
 n - a -1,+1 orcish war axe
 s - a +1,+1 hand axe of chopping (weapon)
Armour
 b - a +0 animal skin
 m - a +0 ring mail
 o - a +0 orcish chain mail (worn)
Magical devices
 p - a wand of digging (8) {unknown}
Scrolls
 c - 2 scrolls of remove curse {unknown}
 e - 5 scrolls of identify {unknown}
 i - 2 scrolls of curse weapon {unknown}
 l - 2 scrolls of teleportation {unknown}
 r - a scroll of curse jewellery {unknown}
 t - a scroll of fear {unknown}
 u - 2 scrolls of enchant armour {unknown}
 w - a scroll of magic mapping {unknown}
 y - a scroll of vulnerability {unknown}
Jewellery
 k - a +2 ring of strength (left hand)
 q - a ring of teleport control (right hand)
 x - an uncursed ring of fire
Potions
 d - a potion of curing
 f - a potion of flight {unknown}
 g - a potion of restore abilities {unknown}
 h - a potion of speed {unknown}
 j - a potion of might
 v - a potion of resistance {unknown}
 A - a potion of agility {unknown}


   Skills:
 + Level 5.1 Fighting
 * Level 6.7 Axes
 + Level 5.6 Armour
 - Level 1.7 Dodging
 + Level 4.0 Evocations


You had 7 spell levels left.
You didn't know any spells.

Dungeon Overview and Level Annotations

Branches:
Dungeon (10/27)
 Temple: D:4-7          Orc: D:6-11        Lair: D:8-13

Altars:
Sif Muna
Trog

Shops:
D:5: ( D:6: //

Annotations
D:10 Erica


Innate Abilities, Weirdness & Mutations

You are immune to all types of fire, even holy and hellish.
You are vulnerable to cold.
You need no food.
You have no legs.
You are immune to negative energy.


Message History

Reactivating autopickup.
Your Evocations skill increases to level 4!
You feel a bit more experienced.
You slash Erica!
Erica is lightly wounded.
Unknown command.
You slash Erica!
Erica is moderately wounded.
Erica hits you with a scimitar of flaming.
* * * LOW HITPOINT WARNING * * *
Unknown command.
You closely miss Erica.
Erica is moderately wounded.
Unknown command.
You barely miss Erica.
Erica is moderately wounded.
Erica gestures at you while chanting. The bolt of poison hits you!
You are poisoned.
You die...

+# ##.# #..#
#..# #..# #<.#
#..#
#..##########.
#..≈@@%...=...
##.###########
#'# .I. ..@..
.......
#........
#.........
#........


You could see Erica.

Vanquished Creatures
  An unseen horror (D:10)
  Grinder (D:4)
  A sky beast (D:10)
  Sigmund (D:3)
  Duvessa (D:4)
  A water moccasin (D:6)
  Dowan (D:4)
  A giant frog zombie (D:6)
  A hound (D:9)
  An orc wizard (D:4)
  3 worker ants
  2 adders
  2 worms (D:5)
  An adder skeleton (D:5)
  A giant eyeball (D:4)
  2 giant geckos (D:1)
  8 orcs
  A giant cockroach (D:1)
  8 hobgoblins
  A quokka (D:3)
  6 bats
  3 giant newts
  6 goblins
  A goblin skeleton (D:5)
  A kobold (D:1)
  2 rats (D:4)
58 creatures vanquished.

Vanquished Creatures (others)
  A kobold (D:9)
1 creature vanquished.

Grand Total: 59 creatures vanquished

Notes
Turn   | Place    | Note
--------------------------------------------------------------
     0 | D:1      | 4tharraofdagon, the Djinni Berserker, began the quest for the Orb.
     0 | D:1      | Reached XP level 1. HP: 16/16 MP: 0/0
    65 | D:1      | Reached XP level 2. EP: 22/22
   248 | D:1      | Reached skill level 3 in Axes
   251 | D:1      | Acquired Trog's second power
   400 | D:4      | Noticed Grinder
   471 | D:3      | Noticed Sigmund
   481 | D:3      | Killed Sigmund
   481 | D:3      | Reached XP level 3. EP: 29/29
   481 | D:3      | Reached XP level 4. EP: 35/35
   560 | D:4      | Noticed Dowan
   561 | D:4      | Noticed Duvessa
   574 | D:4      | Killed Duvessa
   574 | D:4      | Reached skill level 4 in Axes
   574 | D:4      | Reached XP level 5. EP: 35/41
   574 | D:4      | Killed Dowan
   667 | D:4      | Paralysed by a giant eyeball for 3 turns
   674 | D:4      | Paralysed by a giant eyeball for 3 turns
   696 | D:5      | Entered Level 5 of the Dungeon
   742 | D:4      | Killed Grinder
   742 | D:4      | Reached skill level 5 in Axes
   742 | D:4      | Reached skill level 1 in Evocations
   742 | D:4      | Reached XP level 6. EP: 50/50
   879 | D:5      | Reached XP level 7. EP: 33/56
  1016 | D:5      | Found Dufuotua's Weapon Shop.
  1022 | D:5      | Found a deep blue altar of Sif Muna.
  1045 | D:5      | Found a bloodstained altar of Trog.
  1228 | D:6      | Found Kuelabu's Magical Wand Shop.
  1268 | D:6      | Found Bracveep's Magical Wand Boutique.
  1315 | D:6      | You fall through a shaft!
  1359 | D:10     | Entered Level 10 of the Dungeon
  1364 | D:10     | Noticed Erica
  1391 | D:10     | Killed an unseen horror
  1391 | D:10     | Reached skill level 5 in Fighting
  1391 | D:10     | Reached skill level 6 in Axes
  1391 | D:10     | Reached skill level 5 in Armour
  1391 | D:10     | Reached XP level 8. EP: 12/67
  1393 | D:10     | HP: 3/94 [something (6)]
  1397 | D:10     | HP: 1/94 [Erica/scimitar of flaming (2)]
  1399 | D:10     | Killed from afar by Erica

Action                   |  1- 3 |  4- 6 |  7- 9 || total
-------------------------+-------+-------+-------++-------
Melee: Hand axe          |    79 |    38 |    96 ||   213
       War axe           |       |    37 |       ||    37
Invok: Berserk           |     2 |     2 |     2 ||     6
       Trog's Hand       |     1 |     4 |     4 ||     9
  Use: Potion            |       |       |     5 ||     5
